 Dungeon Crawl Stone Soup version 0.27-a0-1374-gc14e5d3922 (webtiles) character file.

Game seed: 4392001624545780443

677 Froggeryz the Cutter (level 7, 0/46 HPs)
             Began as an Octopode Berserker on June 29, 2021.
             Was a Priest of Trog.
             Slain by a black bear (7 damage)
             ... on level 3 of the Dungeon.
             The game lasted 00:02:54 (3756 turns).

Froggeryz the Cutter (Octopode Berserker)           Turns: 3756, Time: 00:02:54

Health: 0/46       AC:  1    Str: 23    XL:     7   Next: 60%
Magic:  7/7        EV: 13    Int:  9    God:    Trog [***...]
Gold:   133        SH:  0    Dex: 13    Spells: 6/6 levels left

rFire    . . .     SeeInvis .   b - +0 dagger (drain)
rCold    . . .     Faith    .   (no shield)
rNeg     . . .     Spirit   .   (helmet restricted)
rPois    .         Reflect  .   (no amulet)
rElec    .         Harm     .   g - +6 ring of strength
rCorr    .         Rampage  .   (no ring)
Will     ++...                  (no ring)
Stlth    ++++......             (no ring)
HPRegen  1.15/turn              (no ring)
MPRegen  0.10/turn              (no ring)
                                (no ring)
                                (no ring)

@: strong-willed (expiring), on berserk cooldown, regenerating (expiring),
slowed, very slow
A: almost no armour, amphibious, 8 rings, camouflage 1, gelatinous body 1,
(nimble swimmer 1), tentacles
a: Renounce Religion, Berserk, Trog's Hand


You were on level 3 of the Dungeon.
You worshipped Trog.
Trog was most pleased with you.
You visited 1 branch of the dungeon, and saw 4 of its levels.

You collected 133 gold pieces.

Inventory:

Hand Weapons
 b - a +0 dagger of draining (weapon)
Jewellery
 g - a +6 ring of strength (left tentacle)
Scrolls
 a - a scroll of teleportation {unknown}
 c - a scroll of amnesia {unknown}
 e - a scroll of blinking {unknown}
 f - a scroll of identify
 j - a scroll of enchant weapon
 m - a scroll of enchant armour
Potions
 d - a potion of might {unknown}
 i - a potion of invisibility {unknown}
 k - a potion of curing
 l - a potion of ambrosia {unknown}
 n - a potion of attraction {unknown}


   Skills:
 - Level 3.0 Fighting
 * Level 7.3 Short Blades
 - Level 3.0 Dodging
 + Level 6.3 Stealth


You had 6 spell levels left.
You didn't know any spells.
Your spell library was empty.

Dungeon Overview and Level Annotations

Branches:
Dungeon (4/15)
 Temple: D:4-7

Altars:

Annotations:
D:4 Sigmund


Innate Abilities, Weirdness & Mutations

You cannot wear most types of armour.
You are amphibious.
You can wear up to eight rings at the same time.
Your skin changes colour to match your surroundings (Stealth+).
Your rubbery body absorbs attacks. (AC +1, EV +1)
((You are camouflaged near water. (Stealth+)))
You have tentacles for arms and can constrict up to eight enemies at once.


Message History

* * * LOW HITPOINT WARNING * * *
Menkaure barely misses you. Something hits you.
* * * LOW HITPOINT WARNING * * *
You puncture Menkaure! You grab Menkaure.
Menkaure is heavily damaged.
You constrict Menkaure. You puncture Menkaure!
Menkaure is almost destroyed.
You constrict Menkaure. The iguana misses you. Menkaure hits you!
* * * LOW HITPOINT WARNING * * *
Something hits you.
* * * LOW HITPOINT WARNING * * *
You hit Menkaure.
You destroy Menkaure!
Trog accepts your kill.
Trog appreciates your killing of a magic user.
Your Short Blades skill increases to level 7!
Your Stealth skill increases to level 6!
You feel a strong urge to attack something.
The necrophage closely misses you. The adder skeleton bites you.
* * * LOW HITPOINT WARNING * * *
There is a stone staircase leading up here.
You feel your anger nearly subside. The adder skeleton bites you.
* * * LOW HITPOINT WARNING * * *
You climb upwards.
Reactivating autopickup.
You are no longer berserk.
Trog's vigour flows through your veins.
You are exhausted.
You feel yourself slow down.
You feel the effects of Trog's Hand fading.
There is a stone staircase leading down here.
As you read the scroll labelled QITUJA GOPS, it crumbles to dust.
You speak a Word of immense power!
The necrophage convulses!
You destroy the necrophage!
Trog accepts your kill.
It was a scroll of holy word.
The black bear bites you!
You die...

###.# #^#
#.# #.# #.#
#.# #.# #.#
#.# #.# #.#
#.# #.# #.#
###.# #.#
#...# #@#
#.### #h#
#.#
##########.#
#.#
#..........#
# #.#
#.##########
# #.# #.# #
#.# #.#
###.# #.#
....# #.#


You could see a black bear.

Vanquished Creatures
  Menkaure (D:4)
  An ogre (D:4)
  A necrophage (D:3)
  A scorpion (D:4)
  3 hounds (D:4)
  An orc priest (D:4)
  Crazy Yiuf (D:2)
  Terence (D:3)
  Natasha (D:4)
  An iguana (D:4)
  An orc wizard (D:4)
  Robin (D:2)
  5 adders
  A gnoll (D:1)
  A worm (D:2)
  2 dart slugs (D:3)
  4 orcs (D:4)
  6 ball pythons
  3 endoplasms
  2 giant cockroaches
  13 goblins
  9 hobgoblins
  8 jackals
  3 quokkas (D:2)
  5 bats
  3 frilled lizards
  8 kobolds
  5 rats
92 creatures vanquished.

Vanquished Creatures (others)
  2 fungi (D:2)
2 creatures vanquished.

Grand Total: 94 creatures vanquished

Notes
Turn   | Place    | Note
-------+----------+-------------------------------------------
     0 | D:1      | Froggeryz the Octopode Berserker began the quest for the
                  | Orb.
     0 | D:1      | Reached XP level 1. HP: 16/16 MP: 1/1
   164 | D:1      | Reached skill level 1 in Stealth
   204 | D:1      | Reached XP level 2. HP: 15/21 MP: 2/2
   786 | D:1      | Reached XP level 3. HP: 26/26 MP: 3/3
   823 | D:1      | Found a faded altar of an unknown god.
   836 | D:1      | Reached skill level 4 in Short Blades
  1108 | D:2      | Reached ** piety under Trog
  1409 | D:2      | Reached XP level 4. HP: 28/31 MP: 4/4
  2026 | D:2      | Noticed Robin
  2044 | D:2      | Killed Robin
  2242 | D:2      | Found a runed translucent door.
  2243 | D:2      | Noticed Crazy Yiuf
  2250 | D:2      | Killed Crazy Yiuf
  2251 | D:2      | Reached skill level 5 in Short Blades
  2251 | D:2      | Reached XP level 5. HP: 36/36 MP: 5/5
  2489 | D:3      | Noticed Terence
  2495 | D:3      | Killed Terence
  3071 | D:4      | Reached XP level 6. HP: 30/42 MP: 6/6
  3103 | D:4      | Reached skill level 6 in Short Blades
  3360 | D:4      | Reached *** piety under Trog
  3430 | D:4      | Reached skill level 5 in Stealth
  3567 | D:4      | Noticed Natasha
  3578 | D:4      | Reached XP level 7. HP: 46/46 MP: 7/7
  3581 | D:4      | Killed Natasha
  3724 | D:4      | Noticed Sigmund
  3744 | D:4      | Noticed Menkaure
  3750 | D:4      | Killed Menkaure
  3751 | D:4      | Reached skill level 7 in Short Blades
  3756 | D:3      | Slain by a black bear

Illustrated notes

Levels and vault maps discovered:
D:1:      dpeg_arrival_round_b, layout_loops_ring,
          ebering_ecumenical_altar_sacrificial, minmay_tromino_v2
D:2:      layout_loops_corners, grunt_decor_mini_mirrors, minivault_11,
          uniq_robin, uniq_crazy_yiuf_cottage
D:3:      layout_loops_ring, minmay_curled_crystal, minmay_misc_feat_square,
          uniq_terence
D:4:      layout_basic, minmay_snake_closets, uniq_sigmund, uniq_eustachio,
          uniq_natasha, uniq_menkaure

Skill      XL: |  1  2  3  4  5  6  7 |
---------------+----------------------+-----
Stealth        | 1 2 3 4 5 6 |  6.3
Short Blades   | 4 5 6 7 |  7.3
Fighting       | |  3.0
Dodging        | |  3.0

Action                   |  1- 3 |  4- 6 |  7- 9 || total
-------------------------+-------+-------+-------++-------
Melee: Short sword       |    14 |       |       ||    14
       Tentacles         |    11 |    23 |       ||    34
       Constrict         |    11 |    24 |     3 ||    38
       Dagger            |    45 |   107 |    15 ||   167
Invok: Berserk           |     1 |     3 |     1 ||     5
       Trog's Hand       |       |       |     1 ||     1
  Use: Scroll            |       |     2 |     1 ||     3
       Potion            |       |     1 |       ||     1
 Stab: Sleeping          |     6 |     9 |     1 ||    16
       Distracted        |       |     1 |       ||     1
Armor: Skin              |     7 |     5 |     1 ||    13
Dodge: Dodged            |    31 |    41 |     9 ||    81

Table legend: (Time is in decaauts)
 A = Elapsed time spent in this place.
 B = Non-inter-level travel time spent in this place.
 C = Inter-level travel time spent in this place.
 D = Time resting spent in this place.
 E = Time spent auto-exploring this place.
 F = Levels seen in this place.
 G = Mean time per level.
                   A        B        C        D        E       F      G
               +--------+--------+--------+--------+--------+-----+--------+
         Total |   3747 |   3635 |    112 |    222 |   2930 |   4 |  936.8 |
       Dungeon |   3747 |   3635 |    112 |    222 |   2930 |   4 |  936.8 |
               +--------+--------+--------+--------+--------+-----+--------+

Top non-repeatable levels by time:
     D:2: 1235 daAuts
     D:1: 1077 daAuts
     D:3: 769 daAuts
     D:4: 665 daAuts
